 Dungeon Crawl Stone Soup version 0.18-a0-1426-g3b9a63c (webtiles) character file.

190 Foomius the Grave Robber (level 5, -4/42 HPs)
             Began as a Demonspawn Necromancer on Feb 27, 2016.
             Slain by an orc wizard
             ... wielding a cursed -1 dagger
              (5 damage)
             ... on level 3 of the Dungeon.
             The game lasted 00:12:53 (2251 turns).

Foomius the Grave Robber (Demonspawn Necromancer)   Turns: 2251, Time: 00:12:53

Health: -4/42      AC:  3    Str:  9    XL:     5   Next: 41%
Magic:  0/9        EV: 12    Int: 17    God:
Gold:   170        SH:  0    Dex: 13    Spells: 4 memorised, 1 level left

rFire  . . .     SeeInvis .     d - +0 mace
rCold  . . .     Gourm    .     a - +0 robe
rNeg   . . .     Faith    .     (no shield)
rPois  .         Spirit   +     (helmet restricted)
rElec  .         Dismiss  .     r - +0 cloak
rCorr  .         Reflect  .     (no gloves)
SustAt .         Harm     .     (no boots)
MR     .....                    (no amulet)
Stlth  ++........               (no ring)
                                (no ring)

@: not resistant to hostile enchantments, unstealthy
A: antennae 1, claws 1, hooves 1, magic shield
a: no special abilities


You were on level 3 of the Dungeon.
You were not hungry.

You visited 1 branch of the dungeon, and saw 3 of its levels.

You collected 170 gold pieces.

Inventory:

Hand Weapons
 d - a +0 mace (weapon)
Missiles
 o - 44 stones (quivered)
Armour
 a - a +0 robe (worn)
 r - a +0 cloak (worn)
Jewellery
 e - an uncursed ring of protection from magic {unknown}
 k - an uncursed ring of see invisible {unknown}
Scrolls
 f - a scroll of identify {unknown}
 g - a scroll of teleportation {unknown}
 m - a scroll of enchant armour {unknown}
 n - a scroll of remove curse {unknown}
 v - a scroll of magic mapping {unknown}
 x - a scroll of immolation {unknown}
Potions
 h - a potion of flight {unknown}
 i - a potion of beneficial mutation {unknown}
 j - a potion of haste
 p - a potion of magic {unknown}
 q - 2 potions of might {unknown}
 s - a potion of lignification {unknown}
 w - a potion of berserk rage {unknown}
 z - a potion of invisibility {unknown}
Books
 b - a book of Necromancy

   Spells                             Type                      Level
   a - Pain                           Necromancy                   1
   b - Animate Skeleton               Necromancy                   1
   c - Vampiric Draining              Necromancy                   3
   d - Regeneration                   Charms/Necromancy            3
   e - Animate Dead                   Necromancy                   4
   f - Control Undead                 Necromancy                   4
Comestibles
 c - 3 bread rations
 l - 4 chunks of flesh
 t - a royal jelly
 u - a meat ration


   Skills:
 + Level 3.9 Fighting
 - Level 1.0 Maces & Flails
 - Level 1.7 Dodging
 - Level 1.7 Stealth
 - Level 2.7 Spellcasting
 + Level 5.0 Necromancy


You had one spell level left.
You knew the following spells:

 Your Spells              Type           Power        Failure   Level  Hunger
a - Pain                  Necr           ###.         2%          1    #......
b - Animate Skeleton      Necr           N/A          2%          1    #......
g - Regeneration          Chrm/Necr      ##........   21%         3    ###....
v - Vampiric Draining     Necr           ###.......   10%         3    ###....


Dungeon Overview and Level Annotations

Branches:
Dungeon (3/15)

Altars:
Gozag


Innate Abilities, Weirdness & Mutations

You have a pair of small antennae on your head.
You have sharp fingernails.
You have large cloven feet.
When hurt, damage is shared between your health and your magic reserves.


Message History

The orc wizard barely misses you. The orc wizard casts a spell at you.
The magic dart hits you!
* * * LOW HITPOINT WARNING * * *
Something hits the orc wizard but does no damage.
You aren't carrying any items that can be evoked.
The orc wizard hits you with an enchanted dagger.
The orc wizard closely misses you.
Your orc skeleton hits the orc wizard but does no damage.
You catch the helpless orc wizard momentarily off-guard.
You hit the orc wizard. Your kick misses the orc wizard.
The orc wizard is almost dead.
The orc wizard hits you but does no damage. x2
Your orc skeleton hits the orc wizard.
You miss the orc wizard. Your kick misses the orc wizard.
The orc wizard is almost dead.
The orc wizard closely misses you.
Your orc skeleton hits the orc wizard but does no damage.
The orc wizard hits you with an enchanted dagger.
You die...

.###†....#.#.....>.....
.###..####.....(........
.#............)).........(
.#.##.####.#.#(...........
...............)........##
.......#.#.#.#(.............
#..##..#.#.####Z##.#....##..
...........####o##..........<
.......#.#......@...#..#..#..
.............>..##..#........
...#..##.#.#######..#........
...........##.#####....#..#.#
.............................
.#.##.####.##.##.##.#.....#.
.#.##.####.......####.....#.
............................#
.#............#.#..##........


You could see an orc wizard and a friendly orc skeleton.

Vanquished Creatures
  Crazy Yiuf (D:2)
  Jessica (D:2)
  2 gnolls (D:3)
  3 adders (D:2)
  2 oozes
  A worm (D:2)
  2 dart slugs (D:2)
  4 orcs (D:3)
  A ball python (D:1)
  9 bats
  2 giant cockroaches
  6 goblins
  5 hobgoblins
  3 jackals (D:1)
  A quokka (D:2)
  5 giant newts
  6 kobolds
  6 rats
60 creatures vanquished.

Vanquished Creatures (collateral kills)
  A gnoll (D:3)
  A giant gecko (D:3)
  2 orcs (D:3)
  A goblin (D:2)
5 creatures vanquished.

Grand Total: 65 creatures vanquished

Notes
Turn   | Place    | Note
--------------------------------------------------------------
     0 | D:1      | Foomius the Demonspawn Necromancer began the quest for the Orb.
     0 | D:1      | Reached XP level 1. HP: 13/13 MP: 3/3
    98 | D:1      | Reached skill level 1 in Fighting
   170 | D:1      | Gained mutation: When hurt, damage is shared between your health and your magic reserves. [demonic ancestry]
   170 | D:1      | Reached XP level 2. HP: 15/21 MP: 3/5
   933 | D:2      | Noticed Jessica
   937 | D:2      | Killed Jessica
   937 | D:2      | Gained mutation: You have large cloven feet. [demonic ancestry]
   937 | D:2      | Reached XP level 3. HP: 28/28 MP: 3/6
   942 | D:2      | Learned a level 3 spell: Vampiric Draining
  1057 | D:2      | Gained mutation: You have a pair of small antennae on your head. [demonic ancestry]
  1057 | D:2      | Reached XP level 4. HP: 25/35 MP: 1/7
  1206 | D:2      | Found an opulent altar of Gozag.
  1302 | D:2      | Noticed Crazy Yiuf
  1310 | D:2      | Killed Crazy Yiuf
  1310 | D:2      | Reached skill level 1 in Maces & Flails
  1397 | D:2      | Learned a level 3 spell: Regeneration
  1399 | D:2      | Learned a level 1 spell: Animate Skeleton
  1815 | D:3      | Gained mutation: You have sharp fingernails. [demonic ancestry]
  1815 | D:3      | Reached XP level 5. HP: 30/41 MP: 0/9
  2087 | D:3      | Reached skill level 5 in Necromancy
  2093 | D:3      | Found a faded altar to an unknown god.
  2248 | D:3      | HP: 1/42 [orc wizard/magic dart (6)]
  2251 | D:3      | Slain by an orc wizard

Vault maps used:
D:1:      lightli_arrival_chessboard, serial_glass, glass_columns_c,
          glass_columns_b
D:2:      nicolae_gozag_cash_rules_everything_around_me, uniq_jessica,
          uniq_crazy_yiuf_cottage
D:3:      ecumenical_altar_1, minmay_misc_feat_four_crosses,
          kennysheep_generic_room_16

Skill      XL: |  1  2  3  4  5 |
---------------+----------------+-----
Fighting       | 1 2 3 |  3.9
Maces & Flails | 1 |  1.0
Necromancy     | 5 |  5.0
Dodging        | |  1.7
Stealth        | |  1.7
Spellcasting   | |  2.7

Action                   |  1- 3 |  4- 6 || total
-------------------------+-------+-------++-------
Melee: Mace              |    15 |    26 ||    41
Throw: Stone             |       |     3 ||     3
 Cast: Pain              |    41 |    66 ||   107
       Animate Skeleton  |       |    14 ||    14
 Stab: Sleeping          |     1 |       ||     1
       Distracted        |       |     1 ||     1
  Eat: Chunk             |       |     5 ||     5
